 Dungeon Crawl Stone Soup version 0.30.1-11-g7821555f0a (webtiles) character file.

Game seed: 12637376344782432924

286 KittyFluff the Cudgeller (level 6, -3/57 HPs)
             Began as a Gargoyle Berserker on Nov 7, 2023.
             Was a Believer of Trog.
             Slain by a wight
             ... wielding a +4 flail
              (10 damage)
             ... on level 4 of the Dungeon.
             The game lasted 00:08:05 (2250 turns).

KittyFluff the Cudgeller (Gargoyle Berserker)       Turns: 2250, Time: 00:08:05

Health: -3/57      AC:  8    Str: 22    XL:     6   Next: 30%
Magic:  6/6        EV: 12    Int:  8    God:    Trog [**....]
Gold:   65         SH:  0    Dex:  9    Spells: 5/5 levels left

rFire   . . .        a - +0 mace
rCold   . . .        (no shield)
rNeg    + . .        e - +0 leather armour
rPois   ∞            (no helmet)
rElec   +            (no cloak)
rCorr   .            (no gloves)
SInv    .            (no boots)
Will    .....        (no amulet) Stlth
                     (no ring)
HPRegen 0.29/turn    (no ring)
MPRegen 0.10/turn

%: no passive effects
@: berserking, very quick
A: sickness immunity, AC +4, negative energy resistance 1, electricity
resistance, torment resistance 1, petrification resistance
a: Renounce Religion, Berserk, Trog's Hand


You were on level 4 of the Dungeon.
You worshipped Trog.
Trog was pleased with you.
You visited 1 branch of the dungeon, and saw 4 of its levels.

You collected 65 gold pieces.

Inventory:

Hand Weapons
 a - a +0 mace (weapon)
Armour
 e - a +0 leather armour (worn)
Scrolls
 b - a scroll of butterflies {unknown}
 c - a scroll of enchant armour {unknown}
 f - a scroll of magic mapping {unknown}
 g - 2 scrolls of vulnerability {unknown}
 i - 3 scrolls of teleportation {unknown}
 j - a scroll of blinking {unknown}
 o - 2 scrolls of amnesia {unknown}
Potions
 d - a potion of mutation
 h - a potion of might
 k - a potion of brilliance {unknown}
 l - a potion of haste {unknown}
 m - a potion of curing
 n - a potion of lignification {unknown}
 p - a potion of invisibility {unknown}


   Skills:
 + Level 4.2 Fighting
 * Level 4.6 Maces & Flails
 * Level 4.4 Armour
 + Level 2.5 Dodging


You had 5 spell levels left.
You didn't know any spells.
Your spell library was empty.

Dungeon Overview and Level Annotations

Branches:
Dungeon (4/15)
 Temple: D:4-7

Altars:

Shops:
D:2 [

Annotations:
D:4 Edmund


Innate Abilities, Weirdness & Mutations

You are immune to sickness and miasma.
Your stone body is resilient. (AC +4)
You are immune to poison.
You resist negative energy. (rN+)
You are resistant to electric shocks. (rElec)
You are resistant to unholy torment.
You are immune to petrification.


Message History

The phantom is severely damaged.
The phantom barely misses you.
You miss the phantom.
The phantom is severely damaged.
The phantom closely misses you.
The phantom hits you but does no damage.
You closely miss the phantom.
The phantom is severely damaged.
The phantom hits you.
The phantom blinks!
You blink.
You hit the phantom but do no damage.
The phantom is severely damaged.
The hobgoblin barely misses you. Edmund closely misses you.
The goblin misses you. The phantom hits you.
The phantom blinks!
You blink.
You hit the phantom. Your punch misses the phantom.
The phantom is severely damaged.
Edmund hits you with a +3 dire flail of venom.
The phantom barely misses you.
You closely miss the phantom.
The phantom is severely damaged.
The phantom hits you but does no damage.
Edmund misses you. The goblin hits you but does no damage.
You sock the phantom!
You destroy the phantom!
Trog accepts your kill. The hobgoblin misses you. Edmund closely misses you.
The goblin completely misses you. The hobgoblin barely misses you.
Edmund hits you with a +3 dire flail of venom!
The goblin hits you but does no damage.
You have reached level 6!
Edmund attacks as you move away! Edmund closely misses you.
The goblin closely misses you. Edmund attacks as you move away!
Edmund hits you with a +3 dire flail of venom.
* * * LOW HITPOINT WARNING * * *
You closely miss the wight. The wight hits you with a +4 flail.
* * * LOW HITPOINT WARNING * * *
A red film seems to cover your vision as you go berserk!
You feel yourself moving faster!
You feel mighty! The wight closely misses you.
You closely miss the wight. The wight hits you with a +4 flail!
You die...

#........#§#
##.....##.# #.....##.#
#...z.##.#############
#.....##.............#
#.....##############.#
#.....# #.#
#...zg############ #.#
##+#.g@z@........# #.#
#.###########.# #.# #
#.# #.# #.# # #.# #.#
#.# # #.# #.# #.# #
#.# #.###.# # #.#
#.)...# # #.# #######
# #.# #


You could see Edmund, 2 wights, a hobgoblin and a goblin.

Vanquished Creatures
  A phantom (D:4)
  A sleepcap (D:4)
  Natasha (thrice) (D:2)
  4 gnolls (D:3)
  An adder (D:3)
  A worm (D:2)
  A dart slug (D:2)
  2 orcs
  10 bats
  2 endoplasms
  3 giant cockroaches (D:2)
  3 goblins
  5 hobgoblins
  4 jackals (D:2)
  6 kobolds
  A quokka (D:3)
  3 ball pythons
  2 frilled lizards (D:3)
  6 rats
59 creatures vanquished.

Notes
Turn   | Place    | Note
-------+----------+-------------------------------------------
     0 | D:1      | KittyFluff the Gargoyle Berserker began the quest for the
                  | Orb.
     0 | D:1      | Reached XP level 1. HP: 14/14 MP: 1/1
   223 | D:1      | You fall into a shaft and drop 1 floor!
   272 | D:2      | Reached XP level 2. HP: 14/19 MP: 2/2
   376 | D:2      | Found Zearuiv's Armour Boutique.
   463 | D:2      | Noticed Natasha
   472 | D:2      | Killed Natasha
   473 | D:2      | Reached XP level 3. HP: 11/23 MP: 3/3
   490 | D:2      | Noticed Natasha
   506 | D:2      | Killed Natasha
   507 | D:2      | Reached XP level 4. HP: 15/29 MP: 4/4
   616 | D:2      | Noticed Natasha
   636 | D:2      | HP: 1/43 [Natasha/magic dart (7)]
   639 | D:2      | Killed Natasha
   942 | D:1      | Reached ** piety under Trog
  1087 | D:1      | Found a faded altar of an unknown god.
  1322 | D:1      | Reached XP level 5. HP: 31/33 MP: 5/5
  2205 | D:4      | Noticed a phantom
  2224 | D:4      | Noticed Edmund
  2240 | D:4      | Killed a phantom
  2241 | D:4      | Reached XP level 6. HP: 11/38 MP: 6/6
  2250 | D:4      | Slain by a wight

Illustrated notes

Levels and vault maps discovered:
D:1:      beargit_arrival_greenhouse, layout_loops_corners,
          hellmonk_ecumenical_altar_pennies_from_heaven,
          chequers_serial_rivers_micro_a, minmay_3d_cube
D:2:      layout_rooms, serial_shops, nicolae_lakefront_shop, uniq_natasha
D:3:      layout_basic
D:4:      layout_basic, nicolae_overflow_hidden_temple,
          chequers_serial_rivers_micro_b, nicolae_shop_firing_range, uniq_edmund

Skill      XL: |  1  2  3  4  5 |
---------------+----------------+-----
Armour         | 3 4 |  4.4
Dodging        | 2 |  2.5
Maces & Flails | 4 |  4.6
Fighting       | 4 |  4.2

Action                     |  1- 3 |  4- 6 || total
---------------------------+-------+-------++-------
  Melee: Mace              |    80 |   174 ||   254
         Punch             |       |     1 ||     1
 Invoke: Berserk           |     1 |     3 ||     4
    Use: Scroll            |     1 |     2 ||     3
         Potion            |     1 |       ||     1
 Armour: Animal skin       |    12 |       ||    12
         Leather armour    |    29 |    71 ||   100
  Dodge: Dodged            |    73 |   125 ||   198
